Map: Pendiente de Agustín EE

Players

FONSECA

  • Race: Zerg Zerg
  • Spawn Location: 6:00

LIMA

  • Race: Terran Terran
  • Spawn Location: 6:00

Pray

  • Race: Protoss Protoss
  • Spawn Location: 5:00

TATORREA - Winner!

  • Race: Protoss Protoss
  • League: Gold
  • Spawn Location: 12:00

tigro - Winner!

  • Race: Terran Terran
  • League: Bronze
  • Spawn Location: 12:00

MrFercho - Winner!

  • Race: Zerg Zerg
  • League: Silver
  • Spawn Location: 11:00

VOD

Have the link to the VOD?

Description

Time

  • Played on: July 14, 2020, 9:59 p.m.
  • Length: 9:55
Show
View Real Time Build Order
Export as new Build Order

FONSECA Zerg 

Build Orders: Pool First 

Get SALT Encoding   

  12  0:02  Drone  
  13  0:13  Overlord  
  13  0:19  Extractor  
  12  0:36  Spawning Pool  
  12  0:37  Drone  
  12  0:44  Drone  
  12  0:47  Drone  
  14  0:54  Drone  
  15  0:59  Drone  
  16  1:23  Zergling x4  
  18  1:27  Metabolic Boost  
  18  1:43  Evolution Chamber  
  18  1:46  Zergling x2  
  18  1:55  Zergling x2  
  19  2:09  Zergling x2  
  19  2:14  Zerg Melee Weapons Level 1  
  20  2:17  Zergling x2  
  21  2:27  Zergling x2  
  22  2:42  Overlord  
  21  2:56  Zergling x2  
  18  3:06  Zergling x2  
  18  3:11  Zergling x2  
  19  3:24  Zergling x2, Hatchery  
  19  3:36  Zergling x2  
  19  3:41  Zergling x2  
  21  3:51  Zergling x2  
  22  3:56  Lair  
  22  4:04  Zergling x2  
  23  4:12  Hatchery  
  23  4:15  Zergling x2  
  22  4:29  Zergling x2  
  22  4:38  Zergling x4  
  22  4:45  Zergling x2  
  20  4:51  Zergling x2  
  20  4:58  Zergling x2  
  21  5:06  Zergling x2  
  23  5:07  Zergling x2  
  23  5:13  Zergling x2  
  24  5:16  Zergling x2  
  24  5:20  Zergling x2  
  26  5:34  Drone x2  
  26  5:35  Drone x2  
  30  5:40  Extractor  
  30  5:41  Drone x2  
  31  5:54  Extractor  
  30  5:58  Extractor  
  30  6:03  Zergling x4  
  29  6:04  Zergling x8  
  29  6:08  Zerg Ground Armor Level 1  
  32  6:12  Drone  
  33  6:21  Drone x2  
  33  6:24  Drone  
  36  6:39  Zergling x2  
  38  6:40  Zergling x4  
  27  7:39  Zergling x8  
  27  7:40  Zergling x10  
  29  7:56  Zergling x6  
  32  8:11  Zergling x6  
  33  8:23  Zergling x12  
  29  8:37  Zergling x6  
  32  8:44  Zergling x4  
  32  9:04  Zergling x2  
  32  9:05  Zergling x6  
  35  9:18  Zergling x12  
  40  9:29  Zergling x6  
  33  9:38  Zergling x6  
Show
View Real Time Build Order
Export as new Build Order

LIMA Terran 

Build Orders:  

Get SALT Encoding   

  12  0:02  SCV  
  13  0:15  Supply Depot  
  13  0:18  SCV  
  14  0:44  Barracks  
  14  0:47  Barracks  
  14  0:53  SCV  
  15  0:58  Refinery  
  15  1:03  Refinery  
  15  1:14  SCV  
  16  1:34  Marine  
  16  1:36  Marine  
  18  1:42  Supply Depot  
  18  1:52  Marine  
  18  1:54  Marine  
  19  1:58  Factory  
  20  2:09  Marine  
  20  2:12  Marine  
  22  2:27  Marine  
  23  2:31  SCV  
  23  2:37  Marine  
  25  2:45  Marine  
  25  2:46  Factory Tech Lab  
  26  2:54  Marine  
  27  3:07  Siege Tank  
  27  3:09  Marine  
  31  3:33  Supply Depot  
  31  3:54  Marine  
  32  4:01  Siege Tank  
  35  4:07  Supply Depot  
  23  5:26  SCV  
  24  5:31  Starport  
  24  5:39  Starport, SCV  
  25  5:49  Armory  
  25  5:53  SCV  
  26  6:05  SCV  
  26  6:11  Marine x2  
  28  6:13  Siege Tank  
  28  6:15  Starport Tech Lab x2  
  28  6:17  SCV  
  33  6:22  Fusion Core  
  33  7:06  Banshee  
  28  7:09  Banshee  
  28  7:10  Cloaking Field  
  28  7:14  Siege Tank  
  34  7:16  Marine x2  
  34  7:21  SCV  
  37  7:28  Terran Ship Weapons Level 1  
  37  7:34  Marine x2  
  39  7:38  Supply Depot  
  39  7:52  Marine x2  
  41  8:03  Banshee  
  41  8:05  Banshee  
  47  8:47  Supply Depot  
Show
View Real Time Build Order
Export as new Build Order

Pray Protoss 

Build Orders:  

Get SALT Encoding   

  12  0:23  Pylon, Probe  
  13  0:31  Probe  
  14  0:40  Probe  
  14  0:43  Forge  
  15  0:51  Assimilator  
  15  0:53  Probe  
  16  1:02  Probe  
  16  1:11  Probe  
  18  1:20  Probe  
  18  1:25  Pylon  
  19  1:29  Gateway  
  19  1:36  Probe  
  20  1:46  Pylon  
  20  1:56  Pylon  
  20  2:07  Photon Cannon  
  20  2:09  Photon Cannon  
  20  2:18  Assimilator  
  20  2:23  Cybernetics Core  
  20  3:05  Pylon  
  20  3:10  Probe  
  19  3:16  Warp Gate  
  19  3:18  Probe  
  19  3:19  Stalker  
  21  3:28  Probe  
  21  3:31  Gateway x2  
  21  3:33  Protoss Shields Level 1  
  24  3:48  Stalker  
  24  3:52  Nexus  
  26  4:02  Probe  
  27  4:51  Stalker x2  
  27  4:52  Stalker  
  32  5:01  Probe  
  33  5:09  Probe  
  34  5:15  Pylon  
  34  5:19  Pylon, Probe  
  34  5:21  Stalker x2  
  36  5:22  Stalker, Pylon  
  36  5:27  Pylon  
  41  5:31  Probe  
  42  5:36  Probe  
  42  5:37  Protoss Air Weapons Level 1  
  42  5:42  Protoss Ground Weapons Level 1  
  43  5:43  Probe  
  43  5:44  Probe  
  45  5:51  Stalker  
  45  5:54  Probe  
  48  6:06  Probe  
  48  6:11  Assimilator  
  49  6:16  Assimilator  
  49  6:50  Probe  
  44  6:59  Probe  
  40  7:07  Probe  
  41  7:15  Probe  
  33  7:23  Stalker x2  
  33  7:24  Stalker  
  33  7:26  Probe  
  34  7:38  Probe  
  22  8:05  Probe  
  21  8:13  Probe  
  21  8:14  Pylon  
  12  8:42  Gateway  
  12  8:43  Gateway  
  12  8:48  Photon Cannon  
  12  8:49  Photon Cannon  
Show
View Real Time Build Order
Export as new Build Order

TATORREA Protoss - Winner!

Build Orders:  

Get SALT Encoding   

  12  0:01  Probe  
  13  0:13  Probe  
  14  0:20  Pylon  
  14  0:25  Probe  
  15  0:38  Probe  
  15  0:40  Gateway  
  16  0:51  Probe  
  16  0:53  Assimilator  
  17  1:02  Pylon  
  17  1:03  Probe  
  18  1:14  Gateway  
  18  1:15  Probe  
  19  1:23  Assimilator  
  19  1:27  Probe  
  20  1:39  Probe  
  21  1:48  Cybernetics Core  
  21  1:51  Probe  
  21  1:52  Pylon  
  22  2:03  Probe  
  23  2:08  Gateway  
  23  2:14  Warp Gate  
  24  2:15  Probe  
  24  2:19  Stalker  
  24  2:20  Stalker  
  28  2:58  Robotics Facility  
  28  3:35  Probe  
  29  3:42  Nexus  
  29  3:43  Pylon  
  29  3:46  Immortal, Pylon  
  29  3:47  Probe  
  34  3:59  Probe  
  35  4:04  Stalker x2  
  35  4:07  Sentry  
  41  4:11  Probe  
  42  4:25  Observer  
  39  4:59  Stalker x3  
  43  5:18  Probe x2  
  45  5:23  Stalker x2  
  45  5:24  Stalker  
  45  5:26  Immortal  
  55  5:30  Probe x2  
  57  5:38  Assimilator  
  57  5:40  Assimilator  
  57  5:42  Probe x2  
  59  5:44  Stargate  
  59  5:54  Probe x2  
  61  6:05  Observer  
  62  6:15  Stalker x3  
  62  6:17  Probe x2  
  70  6:41  Pylon x2  
  70  6:56  Nexus  
  70  6:59  Void Ray, Probe x2  
  76  7:11  Probe  
  65  7:38  Stalker x3  
  65  7:41  Void Ray  
  75  7:45  Immortal  
  79  7:53  Probe x2  
  81  8:05  Probe x2  
  83  8:06  Stalker  
  85  8:18  Pylon  
  85  8:22  Pylon, Probe x3  
  86  8:29  Pylon  
  86  8:31  Pylon  
  86  8:34  Void Ray, Probe x3  
  90  8:35  Pylon  
  93  8:43  Pylon  
  85  9:13  Observer  
  85  9:15  Stalker x2  
  85  9:16  Stalker  
  84  9:49  Nexus  
  84  9:51  Pylon  
  84  9:54  Pylon  
Show
View Real Time Build Order
Export as new Build Order

tigro Terran - Winner!

Build Orders:  

Get SALT Encoding   

  12  0:02  SCV  
  13  0:14  SCV  
  14  0:25  Supply Depot  
  14  0:26  SCV  
  15  0:36  Refinery  
  15  0:47  SCV  
  16  0:53  Barracks  
  16  0:59  SCV  
  17  1:07  Refinery  
  17  1:11  SCV  
  18  1:23  SCV  
  19  1:35  SCV  
  20  1:40  Supply Depot  
  20  1:42  Marine  
  21  1:47  SCV  
  22  1:58  Factory  
  22  1:59  SCV  
  23  2:01  Marine  
  24  2:19  Marine  
  25  2:30  Orbital Command  
  25  2:37  Marine  
  26  2:55  Marine  
  27  3:02  Factory Tech Lab  
  27  3:22  Siege Tank  
  30  3:39  Armory  
  30  3:42  Barracks Tech Lab  
  30  3:54  Siege Tank  
  28  4:27  Engineering Bay  
  28  4:28  Combat Shield  
  28  4:32  Marine  
  29  4:50  Marine  
  30  5:07  Marine  
  31  5:25  Marine  
  31  5:27  Terran Infantry Weapons Level 1  
  32  5:43  Barracks, Marine  
  32  5:47  Stimpack  
  32  5:48  Thor  
  39  6:38  Barracks Reactor  
  39  6:49  Marine  
  40  7:07  Marine  
  38  7:21  Terran Infantry Armor Level 1  
  38  7:25  Marine  
  39  7:43  Marine  
  40  8:01  Marine  
  41  8:40  Marine x3  
  43  8:58  Marine x3  
  46  9:16  Marine  
Show
View Real Time Build Order
Export as new Build Order

MrFercho Zerg - Winner!

Build Orders: Hatch First 

Get SALT Encoding   

  12  0:01  Drone  
  14  0:16  Overlord  
  14  0:17  Drone  
  14  0:34  Drone  
  14  0:35  Drone  
  16  0:55  Hatchery, Drone  
  16  0:57  Drone  
  17  1:06  Drone  
  17  1:10  Extractor  
  17  1:19  Spawning Pool  
  17  1:20  Drone  
  17  1:30  Drone  
  18  1:38  Drone  
  19  1:51  Drone  
  20  1:59  Drone  
  21  2:06  Queen  
  21  2:07  Queen  
  25  2:08  Overlord  
  25  2:10  Drone  
  27  2:22  Zergling x2  
  27  2:23  Zergling x2  
  27  2:25  Spine Crawler  
  27  2:38  Zergling x4  
  26  2:53  Metabolic Boost  
  26  2:55  Zergling x8  
  27  3:13  Queen  
  27  3:15  Drone x3  
  30  3:31  Drone x3  
  33  3:41  Evolution Chamber  
  33  3:43  Drone x2  
  33  3:45  Roach Warren  
  33  3:46  Drone  
  34  3:58  Drone x2  
  34  4:00  Overlord  
  35  4:29  Roach x6  
  42  4:46  Spine Crawler x2  
  31  4:57  Roach x4  
  33  5:00  Overlord x2  
  33  5:06  Zergling x6  
  33  5:07  Zergling x6  
  35  5:27  Drone x4  
  39  5:29  Queen  
  40  6:06  Roach x6  
  40  6:10  Overlord x3  
  47  6:52  Roach x5  
  47  6:53  Roach x5  
  64  6:58  Zerg Missile Weapons Level 1  
  59  7:11  Extractor  
  58  7:26  Ravager  
  51  7:53  Zergling x16  
  51  7:54  Zergling x8  
  63  8:03  Ravager  
  64  8:28  Roach x3  
  64  9:19  Roach x6  
Tags
 
Add a new tag
Caveats
  • Supply blocks, unpowered buildings, or Contaminate may cause inaccurate times.
  • Supply counts are checked every 10 seconds.